 Dungeon Crawl Stone Soup version 0.31.0-9-g3a7656b989 (webtiles) character file.

Game seed: 4787720296435561697

44 qw the Shooter (level 3, 0/18 HPs)
             Began as a Spriggan Hunter on Feb 2, 2024.
             Slain by Natasha (3 damage)
             ... on level 2 of the Dungeon.
             The game lasted 00:00:02 (912 turns).

qw the Shooter (Spriggan Hunter)                     Turns: 912, Time: 00:00:03

Health: 0/18       AC:  2    Str:  7    XL:     3   Next: 41%
Magic:  4/4        EV: 19    Int: 10    God:
Gold:   97         SH:  0    Dex: 20    Spells: 2/2 levels left

rFire   . . .        a - +1 shortbow
rCold   . . .        (shield currently unavailable)
rNeg    . . .        c - +0 robe
rPois   .            (helmet restricted)
rElec   .            (no cloak)
rCorr   .            (gloves unavailable)
SInv    +            (boots unavailable)
Will    .....        j - amulet of faith
Stlth   ++           (no ring)
HPRegen 0.23/turn    (no ring)
MPRegen 0.09/turn

%: faith
@: very quick
A: very small, no large weapons, unfitting armour, see invisible, speed 3
a: no special abilities


You were on level 2 of the Dungeon.
You visited 1 branch of the dungeon, and saw 2 of its levels.

You collected 97 gold pieces.


Innate Abilities, Weirdness & Mutations

You are very small and have problems with some larger weapons.
You are too small for most types of armour.
You have supernaturally acute eyesight. (SInv)
You cover ground extremely quickly. (Speed+++)


   Skills:
 - Level 1.5 Fighting
 + Level 4.7 Ranged Weapons
 - Level 4.0 Dodging
 - Level 1.5 Stealth


You had 2 spell levels left.
You didn't know any spells.
Your spell library was empty.

Inventory:

Hand Weapons
 a - a +1 shortbow (weapon)
Armour
 c - a +0 robe (worn)
Jewellery
 b - an amulet of magic regeneration
 j - an amulet of faith (around neck)
Scrolls
 f - a scroll of identify
 h - a scroll of poison {unknown}
 i - a scroll of enchant armour {unknown}
Potions
 d - a potion of curing {unknown}
 e - a potion of enlightenment {unknown}
 g - a potion of heal wounds {unknown}

Dungeon Overview and Level Annotations

Branches:
Dungeon (2/15)

Altars:

Annotations:
D:2 Natasha


Message History

a +0 dagger; a bat corpse
Found a stone staircase leading up.
Enter note: You now have 97 gold pieces (gained 6).
Found a faintly humming ring mail.
A quokka comes into view.
You shoot an arrow. The arrow hits the quokka!
You kill the quokka!
Natasha and a bat come into view.
Natasha hisses angrily.
You shoot an arrow. The arrow hits Natasha.
Natasha is lightly wounded.
You shoot an arrow. The arrow closely misses the bat.
The bat closely misses you.
You shoot an arrow. The arrow hits the bat!
You kill the bat!
Natasha casts a spell at you. The magic dart hits you.
Natasha howls an incantation.
Natasha's front paws start to glow.
You shoot an arrow. The arrow hits Natasha.
Natasha is moderately wounded.
You shoot an arrow. The arrow closely misses Natasha.
Natasha casts a spell at you. The magic dart hits you!
You shoot an arrow. The arrow misses Natasha.
Natasha misses you.
You shoot an arrow.
The arrow hits Natasha but does no damage.
Natasha is moderately wounded.
Natasha misses you. Natasha barely misses you.
You shoot an arrow. The arrow hits Natasha!
Natasha is severely wounded.
Natasha mumbles some strange words.
Natasha's front paws start to glow.
Natasha claws you.
You shoot an arrow. The arrow barely misses Natasha.
Natasha claws you.
You die...
Natasha begins licking her fur clean.

#.# #.# ...
###### #.# ...
......###.# ..
........#.# ..
........#.# .#
#.......# .#
#.....########h#
#............@.#
#####%..########
#...# #...#
#...# #####


You could see Natasha.

Vanquished Creatures
  3 dart slugs
  4 bats (D:2)
  3 endoplasms
  2 hobgoblins
  5 jackals (D:2)
  3 kobolds (D:1)
  2 quokkas
  2 ball pythons
  5 goblins
  4 rats
33 creatures vanquished.

Notes
Turn   | Place    | Note
-------+----------+-------------------------------------------
     0 | D:1      | qw the Spriggan Hunter began the quest for the Orb.
     0 | D:1      | Reached XP level 1. HP: 10/10 MP: 2/2
     0 | D:1      | 0 ||| qw: Version: 0.3-a-155-g5e7d8dd
     0 | D:1      | 0 ||| qw: Game counter: 956
     0 | D:1      | 0 ||| qw: Melee chars always use a shield: true
     0 | D:1      | 0 ||| qw: God list: Okawaru
     0 | D:1      | 0 ||| qw: Allow faded altars: false
     0 | D:1      | 0 ||| qw: Do Orc after clearing Dungeon:15 true
     0 | D:1      | 0 ||| qw: Do second Lair branch before Depths: true
     0 | D:1      | 0 ||| qw: Lair rune preference: random
     0 | D:1      | 0 ||| qw: Goals: Normal
     0 | D:1      | 0 ||| PLANNING D:1-11
    48 | D:1      | Reached skill level 3 in Dodging
   250 | D:1      | Reached XP level 2. HP: 14/14 MP: 3/3
   626 | D:1      | 626 ||| UPGRADING to amulet of faith.
   631 | D:1      | 631 ||| READING scroll labelled LUESHR FEHIO.
   631 | D:1      | 631 ||| IDENTIFYING purple potion
   632 | D:1      | 632 ||| READING scroll labelled TIJ HOOPNAFF.
   633 | D:1      | 633 ||| READING scroll labelled NUKKABR SAODA.
   633 | D:1      | 633 ||| ENCHANTING +0 shortbow.
   634 | D:1      | 634 ||| READING scroll labelled GIUGHUH YLLI.
   635 | D:1      | 635 ||| DROPPING scroll of butterflies.
   636 | D:1      | 636 ||| DROPPING potion of degeneration.
   776 | D:2      | Reached XP level 3. HP: 12/18 MP: 4/4
   845 | D:2      | 845 ||| FLEEEEING.
   846 | D:2      | 846 ||| FLEEEEING.
   903 | D:2      | Noticed Natasha
   911 | D:2      | HP: 3/18 [Natasha (5)]
   912 | D:2      | Slain by Natasha

Levels and vault maps discovered:
D:1:      dpeg_arrival_orchard, layout_loops_ring
D:2:      layout_basic, uniq_natasha

Skill      XL: |  1  2 |
---------------+-------+-----
Dodging        | 3 4 |  4.0
Fighting       | |  1.5
Ranged Weapons | |  4.7
Stealth        | |  1.5

Action                     || total
---------------------------++-------
   Fire: Shortbow          ||    77
    Use: Scroll            ||     4
 Armour: Robe              ||    10
  Dodge: Dodged            ||    17

Table legend:
 A = Non-vault XP
 B = Vault XP
 C = Vault XP percentage of total XP
 D = Non-vault monster count
 E = Vault monster count
 F = Vault count percentage of total count
                 A         B        C        D         E       F
            +---------+---------+-------+---------+---------+-------
      Total |      64 |       0 |   0.0 |      33 |       0 |   0.0
            +---------+---------+-------+---------+---------+-------
        D:1 |      28 |       0 |   0.0 |      15 |       0 |   0.0
        D:2 |      36 |       0 |   0.0 |      18 |       0 |   0.0
            +---------+---------+-------+---------+---------+-------
